 Dungeon Crawl Stone Soup version 0.29.1-1-gd02db6906a (webtiles) character file.

Game seed: 10211421905839039159

20 Anandil the Digger (level 2, -1/15 HPs)
             Began as a Deep Elf Earth Elementalist on Oct 18, 2022.
             Slain by Terence
             ... wielding a +0 mace
              (5 damage)
             ... on level 2 of the Dungeon.
             The game lasted 00:02:03 (893 turns).

Anandil the Digger (Deep Elf Earth Elementalist)     Turns: 893, Time: 00:02:03

Health: -1/15      AC:  2    Str:  5    XL:     2   Next: 58%
Magic:  4/8        EV: 13    Int: 19    God:
Gold:   23         SH:  0    Dex: 15    Spells: 7/8 levels left

rFire   . . .      SeeInvis .   g - staff of conjuration
rCold   . . .      Faith    .   (no shield)
rNeg    . . .      Spirit   .   a - +0 robe
rPois   .          Reflect  .   (no helmet)
rElec   .          Harm     .   (no cloak)
rCorr   .          Rampage  .   (no gloves)
Will    .....                   (no boots)
Stlth   ++........              (no amulet)
HPRegen 0.05/turn               (no ring)
MPRegen 0.11/turn               (no ring)

@: no status effects
A: no striking features
a: no special abilities


You were on level 2 of the Dungeon.
You visited 1 branch of the dungeon, and saw 2 of its levels.

You collected 23 gold pieces.

Inventory:

Hand Weapons
 c - a +0 short sword
Armour
 a - a +0 robe (worn)
 e - a +0 ring mail
Magical Staves
 g - a staff of conjuration (weapon)
Scrolls
 f - 2 scrolls of enchant armour {unknown}
 h - a scroll of identify {unknown}
 k - a scroll of amnesia {unknown}
Potions
 b - a potion of magic
 d - a potion of lignification {unknown}
 i - a potion of might {unknown}
 j - a potion of curing {unknown}


   Skills:
 + Level 3.0 Dodging
 - Level 2.4 Stealth
 + Level 3.5 Spellcasting
 - Level 1.1 Transmutations
 + Level 3.7 Earth Magic


You had 7 spell levels left.
You knew the following spells:

 Your Spells              Type           Power      Damage    Failure   Level
a - Sandblast             Erth           34%        2d9       3%          1

Your spell library contained the following spells:

 Spells                   Type           Power      Damage    Failure   Level
 Passwall                 Tmut/Erth      10%        N/A       9%          2
 Stone Arrow              Conj/Erth      30%        3d8       21%         3
 Petrify                  Tmut/Erth      12%        N/A       47%         4


Dungeon Overview and Level Annotations

Branches:
Dungeon (2/15)

Altars:

Annotations:
D:2 Terence


Message History

Okay, then.
k - a scroll labelled NOLEGAUNAU Terence the Incautious comes into view.
He is wielding a +0 mace.
Terence shouts!
There is a stone staircase leading up here.
Casting: Sandblast (safe; 3% risk of failure)
Confirm with . or Enter, or press ? or * to list all spells.
Aiming: Sandblast (safe; 3% risk of failure)
Press: ? - help, Shift-Dir - straight line, f - Terence
Aim: Terence, wielding a +0 mace and wearing a +0 chain mail (87% to hit)
The blast of sand hits Terence but does no damage.
Unknown command.
Casting: Sandblast (safe; 3% risk of failure)
Confirm with . or Enter, or press ? or * to list all spells.
Aiming: Sandblast (safe; 3% risk of failure)
Press: ? - help, Shift-Dir - straight line, f/p - Terence
Aim: Terence, wielding a +0 mace and wearing a +0 chain mail (87% to hit)
The blast of sand hits Terence but does no damage.
Unknown command.
Casting: Sandblast (safe; 3% risk of failure)
Confirm with . or Enter, or press ? or * to list all spells.
Aiming: Sandblast (safe; 3% risk of failure)
Press: ? - help, Shift-Dir - straight line, f/p - Terence
Aim: Terence, wielding a +0 mace and wearing a +0 chain mail (87% to hit)
The blast of sand hits Terence but does no damage.
Terence barely misses you.
Unknown command.
Casting: Sandblast (safe; 3% risk of failure)
Confirm with . or Enter, or press ? or * to list all spells.
Aiming: Sandblast (safe; 3% risk of failure)
Press: ? - help, Shift-Dir - straight line, f/p - Terence
Aim: Terence, wielding a +0 mace and wearing a +0 chain mail (87% to hit)
The blast of sand hits Terence but does no damage.
Terence hits you with a +0 mace!
Ouch! That really hurt!
* * * LOW HITPOINT WARNING * * *
Terence misses you.
Sorry, you're not good enough to have a special ability.
Terence hits you with a +0 mace.
You die...

#####
##.@.##
##..@..##
#.......#
#.......#
#.......#
##.....##
#.....#
.......#
#.........


You could see Terence.

Vanquished Creatures
  A dart slug (D:1)
  4 ball pythons (D:1)
  2 bats (D:1)
  An endoplasm (D:1)
  3 goblins (D:1)
  A hobgoblin (D:1)
  A kobold (D:1)
  2 rats (D:1)
15 creatures vanquished.

Notes
Turn   | Place    | Note
-------+----------+-------------------------------------------
     0 | D:1      | Anandil the Deep Elf Earth Elementalist began the quest for
                  | the Orb.
     0 | D:1      | Reached XP level 1. HP: 10/10 MP: 6/6
   150 | D:1      | Reached XP level 2. HP: 6/15 MP: 2/8
   884 | D:2      | Noticed Terence
   893 | D:2      | Slain by Terence

Illustrated notes

Levels and vault maps discovered:
D:1:      dpeg_arrival_long_road, layout_loops_cross
D:2:      layout_rooms, serial_curves, eino_curves_01, eino_curves_04,
          shapermc_ecumenical_altar_pompeii, uniq_terence

Skill      XL: |  1  2 |
---------------+-------+-----
Dodging        | 3 |  3.0
Stealth        | |  2.4
Spellcasting   | |  3.5
Transmutations | |  1.1
Earth Magic    | |  3.7

Action                   || total
-------------------------++-------
Melee: Staff             ||     1
 Cast: Sandblast         ||    22
Armor: Robe              ||     1
Dodge: Dodged            ||    10
